 Dungeon Crawl Stone Soup version 0.32-a0-39-g5c88369fb2 (webtiles) character file.

Game seed: 1773104707805613278

9390 Ge0ff the Carver (level 11, -19/74 HPs)
             Began as a Mummy Artificer on Feb 5, 2024.
             Was an Elder of Hepliaklqana.
             Demolished by a boulder beetle (42 damage)
             ... on level 11 of the Dungeon.
             The game lasted 00:21:48 (9421 turns).

Ge0ff the Carver (Mummy Artificer)                  Turns: 9421, Time: 00:21:48

Health: -19/74     AC: 20    Str: 16    XL:     11   Next: 22%
Magic:  17/17      EV:  9    Int: 12    God:    Hepliaklqana [****..]
Gold:   102        SH:  5    Dex: 15    Spells: 13/18 levels left

rFire   x . .        a - +1 long sword (flame)
rCold   + + .        H - +1 buckler {AC+3}
rNeg    + + +        P - +5 scale mail of the Gate {Will+ SInv}
rPois   ∞            G - +0 helmet {SInv}
rElec   .            Z - +2 cloak
rCorr   +            o - +0 pair of gloves
SInv    +            (no boots)
Will    ++...        U - amulet of the acrobat
Stlth   +            g - ring of resist corrosion
HPRegen 0.32/turn    J - ring of protection from cold
MPRegen 0.15/turn

%: acrobat, faith
@: no status effects
A: reduced essence, cold resistance 1, negative energy resistance 3, torment
resistance 2, heat vulnerability 1, in touch with death 1, no potions, faith
a: Renounce Religion, Recall Ancestor, Ancestor Identity, Transference, Idealise


You were on level 11 of the Dungeon.
You worshipped Hepliaklqana.
Hepliaklqana was greatly pleased with you.
You visited 2 branches of the dungeon, and saw 12 of its levels.

You collected 349 gold pieces.
You spent 247 gold pieces at shops.

Inventory:

Hand Weapons
 a - a +1 long sword of flaming (weapon)
 b - a +1 vampiric dagger
 E - a +0 arbalest
 L - a +0 scimitar
 O - a +2 trident of draining
 R - a +2 dagger of freezing
 X - a +4 quarterstaff of chaos
Missiles
 l - 12 stones (quivered)
 v - a curare-tipped dart {=F}
 K - 29 poisoned darts
 W - 10 atropa-tipped darts
 Y - 10 boomerangs
Armour
 o - a +0 pair of gloves (worn)
 G - a +0 helmet of see invisible (worn)
 H - a +1 buckler of protection (worn)
 I - +0 acid dragon scales
 N - an orb of energy
 P - the +5 scale mail of the Gate (worn) {Will+ SInv}
   (You found it on level 5 of the Dungeon)

   Will+:     It increases your willpower.
   SInv:      It lets you see invisible.
 S - a +3 troll leather armour {Snorg}
 Z - a +2 cloak (worn)
Magical Staves
 Q - a staff of fire
Jewellery
 g - a ring of resist corrosion (left hand)
 J - a ring of protection from cold (right hand)
 M - a ring of ice
 U - an amulet of the acrobat (around neck)
Wands
 e - a wand of charming (4)
 f - a wand of flame (26)
 j - a wand of quicksilver (7)
 p - a wand of paralysis (5)
 s - a wand of mindburst (8)
Scrolls
 i - a scroll of identify
 m - a scroll of revelation
 y - a scroll of immolation
 B - a scroll of blinking
 F - 2 scrolls of fog
 T - a scroll of teleportation
 V - 2 scrolls of vulnerability


   Skills:
 + Level 6.6 Fighting
 - Level 1.0(5.6) Short Blades
 - Level 8.9(9.0) Long Blades
 + Level 4.6 Armour
 - Level 2.0 Dodging
 - Level 2.0 Stealth
 * Level 1.1 Shields
 * Level 4.4 Spellcasting
 * Level 3.0 Conjurations
 * Level 3.0 Alchemy
 + Level 3.6 Invocations
 + Level 6.1 Evocations


You had 13 spell levels left.
You knew the following spells:

 Your Spells              Type           Power      Damage    Failure   Level
E - Irradiate             Conj/Alch      4%         3d13      100%        5

Your spell library contained the following spells:

 Spells                   Type           Power      Damage    Failure   Level
 Sting                    Conj/Alch      36%        1d5       28%         1
 Shock                    Conj/Air       24%        1d4       45%         1
 Mercury Vapours          Alch/Air       12%        N/A       61%         2
 Freeze                   Ice            8%         1d3       67%         1
 Call Imp                 Summ           4%         N/A       82%         2
 Lesser Beckoning         Tloc           4%         N/A       82%         2
 Hailstorm                Conj/Ice       6%         3d5       83%         3
 Stone Arrow              Conj/Erth      12%        3d7       83%         3
 Olgreb's Toxic Radiance  Alch           9%         N/A       95%         4
 Frozen Ramparts          Ice            4%         1d1       96%         3
 Gell's Gravitas          Tloc           2%         N/A       96%         3
 Summon Ice Beast         Ice/Summ       2%         N/A       96%         3
 Swiftness                Air            2%         N/A       96%         3
 Teleport Other           Tloc           2%         N/A       96%         3
 Petrify                  Alch/Erth      6%         N/A       99%         4
 Airstrike                Air            1%         2d(1-17)  100%        4
 Animate Armour           Summ/Erth      4%         N/A       100%        4
 Summon Hydra             Summ           1%         N/A       100%        7
 Lehudib's Crystal Spear  Conj/Erth      3%         10d2      100%        8
 Sublimation of Blood     Necr           Unusable   N/A       N/A         2

Dungeon Overview and Level Annotations

Branches:
Dungeon (12/15) Zot: 26480  Temple (1/1) D:4 Zot: 5946
   Lair: D:8-11         Orc: D:9-12

Altars:
Ashenzari
Cheibriados
Fedhas
Gozag
Hepliaklqana
Kikubaaqudgha
Makhleb
Nemelex Xobeh
Okawaru
Qazlal
Ru
Sif Muna
Trog
Uskayaw
Vehumet
Wu Jian
Xom
Yredelemnul

Shops:
D:11 [

Annotations:
D:3 1 runed translucent door (cloak, fly), exclusion: player ghost, Tomate's ghost, amateur DgSh
D:4 dig


Innate Abilities, Weirdness & Mutations

Your life essence is reduced to manifest your ancestor. (-10% HP)
You are immune to poison.
Your flesh is cold resistant. (rC+)
You are immune to negative energy. (rN+++)
You are immune to unholy pain and torment.
You are vulnerable to heat. (rF-)
You are in touch with the powers of death.
You do not drink.
You have a special connection with the divine. (Faith)


Message History

You hit the yak. You burn the yak.
The yak is heavily wounded.
The yak gores you.
You hit the yak. You burn the yak.
The yak is severely wounded.
The yak gores you but does no damage.
You slash the yak! You burn the yak.
You kill the yak!
Your Conjurations skill increases to level 3!
You hit the yak. You burn the yak.
The yak is lightly wounded.
The yak closely misses you.
You barely miss the yak.
The yak is lightly wounded.
The yak gores you!
You closely miss the yak.
The yak is lightly wounded.
The yak gores you but does no damage.
You hit the yak. You burn the yak.
The yak is moderately wounded.
The yak barely misses you.
You closely miss the yak.
The yak is moderately wounded.
The yak closely misses you.
You barely miss the yak.
The yak is moderately wounded.
You block the yak's attack.
A boulder beetle comes into view.
You slash the yak! You burn the yak.
The yak is severely wounded.
The yak gores you but does no damage.
You hit the yak. You burn the yak.
The yak is severely wounded.
You block the yak's attack.
You barely miss the yak.
The yak is severely wounded.
You block the yak's attack.
The boulder beetle curls into a ball and begins rolling!
You completely miss the yak.
The yak is severely wounded.
The yak gores you!
* * * LOW HITPOINT WARNING * * *
You hit the yak but do no damage.
The yak is severely wounded.
The yak gores you but does no damage.
You slash the yak! You burn the yak.
You kill the yak!
The boulder beetle hits you!!!
Ouch! That really hurt!
You die...

#...#...#.######.....#......+
###R#R#R#.# #.......######
#.....#...# #.....###
#######'### ##.#### ...# ##.#
#..### #))# #.# #)## #. #)# .
#@# # .#########B#
..........○########
.#########°........
#°######## #..# #..## #.# #.


You could see a boulder beetle (rolling).

Vanquished Creatures
  Snorg (D:11)
  A deep elf pyromancer (D:8)
  An ugly thing (D:11)
  A cyclops (D:12)
  2 kobold demonologists
  Jeremiah (D:6)
  A troll (D:9)
  Grinder (D:3)
  A shadow (D:11)
  5 yaks (D:11)
  Eustachio (D:6)
  A steam dragon (D:8)
  An acid dragon (D:9)
  A water moccasin (D:7)
  4 ice beasts
  2 orc warriors (D:9)
  5 phantoms
  2 kobold brigands
  A scorpion (D:7)
  A wight (D:9)
  6 killer bees
  A howler monkey (D:8)
  A bullfrog zombie (D:4)
  4 bombardier beetles
  4 orc priests
  2 hounds
  2 sleepcaps (D:7)
  An iguana (D:4)
  Natasha (thrice) (D:3)
  3 orc wizards
  5 scorpion zombies (D:4)
  Terence (D:3)
  A hound zombie (D:4)
  5 gnolls (D:5)
  An adder (D:2)
  2 shadow imps (D:3)
  An adder skeleton (D:4)
  2 ribbon worms
  6 dart slugs
  10 orcs
  4 ball pythons
  5 bats
  8 endoplasms
  3 giant cockroaches
  8 goblins
  10 hobgoblins
  2 quokkas
  3 frilled lizards (D:1)
  10 kobolds
  4 rats
152 creatures vanquished.

Vanquished Creatures (collateral kills)
  A troll (D:11)
  Prince Ribbit (D:7)
  A shadow (D:12)
  A wraith (D:11)
  2 wyverns
  A yak (D:11)
  2 steam dragons
  2 orc warriors (D:9)
  A sky beast (D:8)
  A centaur (D:9)
  An ogre (D:4)
  Blork the orc (D:6)
  3 bullfrogs
  3 kobold brigands (D:11)
  A wight (D:9)
  5 killer bees
  A hound (D:6)
  2 orc priests
  Crazy Yiuf (D:5)
  3 orc wizards
  2 adders
  2 gnolls (D:5)
  A shadow imp (D:3)
  A white imp (D:8)
  5 orcs
  An endoplasm (D:3)
  2 kobolds
48 creatures vanquished.

Vanquished Creatures (others)
  An ogre (D:6)
  A killer bee (D:8)
  An orc priest (D:3)
  2 knights
  3 ancestors (D:5)
8 creatures vanquished.

Grand Total: 208 creatures vanquished

Notes
Turn   | Place    | Note
-------+----------+-------------------------------------------
     0 | D:1      | Ge0ff the Mummy Artificer began the quest for the Orb.
     0 | D:1      | Reached XP level 1. HP: 15/15 MP: 1/1
    68 | D:1      | Reached skill level 1 in Stealth
   138 | D:1      | Found a faded altar of an unknown god.
   252 | D:1      | Reached XP level 2. HP: 13/21 MP: 2/2
   927 | D:2      | Reached XP level 3. HP: 27/27 MP: 3/3
  1417 | D:2      | Noticed Terence
  1672 | D:3      | Noticed Grinder
  1707 | D:3      | Paralysed by Grinder for 5 turns
  1732 | D:3      | Killed Grinder
  1733 | D:3      | Reached skill level 1 in Short Blades
  1733 | D:3      | Reached skill level 1 in Long Blades
  1733 | D:3      | Reached skill level 2 in Long Blades
  1733 | D:3      | Reached skill level 1 in Dodging
  1733 | D:3      | Reached skill level 3 in Long Blades
  1733 | D:3      | Reached XP level 4. HP: 4/33 MP: 4/4
  1733 | D:3      | Reached XP level 5. HP: 5/38 MP: 5/5
  2066 | D:3      | Noticed Natasha
  2073 | D:3      | Killed Natasha
  2074 | D:3      | Reached XP level 6. HP: 40/44 MP: 6/6
  2153 | D:3      | Found a transporter.
  2153 | D:3      | Found a runed translucent door.
  2153 | D:3      | Noticed Tomate's ghost (amateur DgSh)
  2171 | D:3      | Found a transporter.
  2310 | D:3      | Killed Terence
  2596 | D:3      | Noticed Natasha
  2604 | D:3      | Killed Natasha
  2605 | D:3      | Reached skill level 4 in Long Blades
  2833 | D:3      | Noticed Natasha
  2840 | D:3      | Killed Natasha
  3181 | D:4      | Found a staircase to the Ecumenical Temple.
  3187 | Temple   | Entered the Ecumenical Temple
  3215 | Temple   | Became a worshipper of Hepliaklqana the Forgotten
  3312 | D:4      | Reached skill level 5 in Long Blades
  3312 | D:4      | Reached XP level 7. HP: 50/50 MP: 7/7
  3727 | D:4      | Reached * piety under Hepliaklqana
  3773 | D:4      | Reached skill level 6 in Long Blades
  3773 | D:4      | Reached XP level 8. HP: 52/52 MP: 8/8
  3791 | D:4      | Got the Handbook of Contaminated Algor
  4050 | D:5      | Entered Level 5 of the Dungeon
  4497 | D:5      | Identified the +5 scale mail of the Gate {Will+ SInv}
  4803 | D:5      | Reached skill level 7 in Long Blades
  5051 | D:5      | Reached ** piety under Hepliaklqana
  5052 | D:5      | Remembered your ancestor Setora as a knight
  5089 | D:5      | Found a runed translucent door.
  5090 | D:5      | Noticed Crazy Yiuf
  5098 | D:5      | Killed Crazy Yiuf
  5300 | D:6      | Noticed Jeremiah
  5302 | D:6      | Reached skill level 5 in Fighting
  5346 | D:6      | Killed Jeremiah
  5347 | D:6      | Reached skill level 8 in Long Blades
  5347 | D:6      | Reached XP level 9. HP: 20/61 MP: 6/9
  5569 | D:6      | Noticed Eustachio
  5580 | D:6      | Killed Eustachio
  5953 | D:6      | Noticed Blork the orc
  5959 | D:6      | Killed Blork the orc
  6064 | D:7      | Reached *** piety under Hepliaklqana
  6110 | D:7      | Found a basalt altar of Yredelemnul.
  6113 | D:7      | Found a shimmering blue altar of Sif Muna.
  6115 | D:7      | Found a hide-covered altar of Uskayaw.
  6505 | D:7      | Reached skill level 5 in Evocations
  6882 | D:7      | Reached skill level 1 in Invocations
  6981 | D:7      | Noticed Prince Ribbit
  6989 | D:7      | Killed Prince Ribbit
  7395 | D:8      | Reached XP level 10. HP: 66/66 MP: 11/11
  7732 | D:8      | Noticed a deep elf pyromancer
  7740 | D:8      | Killed a deep elf pyromancer
  7991 | D:8      | Reached **** piety under Hepliaklqana
  8254 | D:9      | Learned a level 5 spell: Irradiate
  8367 | D:9      | Reached skill level 1 in Spellcasting
  8412 | D:9      | Reached skill level 1 in Conjurations
  8412 | D:9      | Reached skill level 1 in Alchemy
  8454 | D:9      | You fall into a shaft and drop 3 floors!
  8517 | D:12     | Noticed a cyclops
  8526 | D:12     | Killed a cyclops
  8630 | D:12     | Noticed a death knight
  8636 | D:12     | Noticed a skeletal warrior
  8637 | D:12     | Noticed a phantasmal warrior
  8638 | D:12     | Noticed a cyclops
  8639 | D:12     | Noticed a death knight
  8641 | D:12     | Noticed a skeletal warrior
  8825 | D:12     | Noticed a sun demon
  8922 | D:11     | HP: 3/69 [troll (4)]
  9136 | D:11     | Noticed Snorg
  9147 | D:11     | Killed Snorg
  9151 | D:11     | Reached XP level 11. HP: 74/74 MP: 16/16
  9183 | D:11     | Found Adetz's Armour Emporium.
  9198 | D:11     | Bought a +1 buckler of protection for 247 gold pieces
  9260 | D:11     | Noticed a cyan ugly thing
  9267 | D:11     | Killed a cyan ugly thing
  9394 | D:11     | Reached skill level 1 in Shields
  9415 | D:11     | Noticed a boulder beetle
  9421 | D:11     | Demolished by a boulder beetle

Illustrated notes

Levels and vault maps discovered:
D:1:      lordsloth_arrival_two_stooges, layout_basic,
          chequers_ecumenical_altar_island
D:2:      layout_basic, serial_bayou_lagoon_b, uniq_terence
D:3:      gammafunk_wand_slinger, layout_basic, gammafunk_ghost_grave,
          uniq_grinder, uniq_natasha
D:4:      layout_basic, minmay_temple_entry_hall, serial_undead,
          serial_undead_c, serial_undead_f, serial_undead_e, serial_undead_a,
          item_on_display_a
D:5:      layout_basic, uniq_crazy_yiuf_cottage
D:6:      layout_basic, uniq_blork_the_orc, uniq_eustachio, uniq_jeremiah
D:7:      layout_gridville, gammafunk_temple_overflow_forgotten,
          chequers_serial_rivers_small_3, chequers_serial_rivers_micro_e,
          uniq_prince_ribbit1
D:8:      layout_gridville, guppyfry_early_elven_hall
D:9:      layout_rooms, dpeg_lair_monsters, sword_in_stone
D:11:     layout_roguey, serial_shops, nicolae_shop_waterfront, uniq_snorg
D:12:     dreamdust_under_siege, layout_loops_ring, gammafunk_ghost_spectres,
          wad_scary_box
Temple:   mainiacjoe_temple_bowtie_tessellation

Skill      XL: |  1  2  3  4  5  6  7  8  9 10 11 |
---------------+----------------------------------+-----
Stealth        | 1 2 |  2.0
Fighting       | 2 3 5 6 |  6.6
Short Blades   | 1 |  1.0
Evocations     | 3 4 5 6 |  6.1
Long Blades    | 3 5 6 8 |  8.9
Dodging        | 1 2 |  2.0
Armour         | 2 3 4 |  4.6
Invocations    | 1 3 |  3.6
Spellcasting   | 3 4 |  4.4
Conjurations   | 2 3 |  3.0
Alchemy        | 2 3 |  3.0
Shields        | 1 |  1.1

Action                     |  1- 3 |  4- 6 |  7- 9 | 10-12 || total
---------------------------+-------+-------+-------+-------++-------
  Melee: Dagger            |   178 |       |       |     4 ||   182
         Long sword        |     4 |    97 |   251 |   136 ||   488
         Punch             |       |     4 |     5 |       ||     9
  Throw: Stone             |       |    10 |     2 |    32 ||    44
         Dart              |       |     4 |     3 |     3 ||    10
 Invoke: Ancestor Identity |       |       |     3 |       ||     3
         Recall Ancestor   |       |       |     1 |     2 ||     3
         Ancestor Life: Kn |       |       |     1 |       ||     1
  Evoke: Wand              |     8 |    14 |    11 |    16 ||    49
    Use: Scroll            |     2 |     1 |     5 |     3 ||    11
   Stab: Sleeping          |     1 |     1 |       |       ||     2
         Betrayed ally     |     1 |       |       |       ||     1
         Paralysed         |       |       |       |    11 ||    11
         Distracted        |       |       |       |     3 ||     3
 Armour: Leather armour    |   101 |    59 |       |       ||   160
         Scale mail        |       |       |   208 |   146 ||   354
  Dodge: Dodged            |    83 |    55 |   138 |    88 ||   364
  Block: Buckler           |       |       |       |     9 ||     9

Table legend: (Time is in decaauts)
 A = Elapsed time spent in this place.
 B = Non-inter-level travel time spent in this place.
 C = Inter-level travel time spent in this place.
 D = Time resting spent in this place.
 E = Time spent auto-exploring this place.
 F = Levels seen in this place.
 G = Mean time per level.
                   A        B        C        D        E       F      G
               +--------+--------+--------+--------+--------+-----+--------+
         Total |   9491 |   9181 |    310 |    178 |   6606 |  12 |  790.9 |
       Dungeon |   9437 |   9176 |    261 |    178 |   6606 |  11 |  857.9 |
        Temple |     53 |      4 |     49 |      0 |      0 |   1 |   53.0 |
               +--------+--------+--------+--------+--------+-----+--------+

Top non-repeatable levels by time:
     D:3: 1441 daAuts
     D:7: 1260 daAuts
     D:4: 1044 daAuts
     D:5: 1006 daAuts
     D:8: 959 daAuts
     D:1: 906 daAuts
     D:6: 848 daAuts
     D:2: 774 daAuts
    D:11: 518 daAuts
    D:12: 455 daAuts
     D:9: 221 daAuts
  Temple: 53 daAuts
